Cogmind - Beta 16 @@@ ROGUE MODE // 2025.11.03 @ 00:08:20 Player: Demo Result: Destroyed by Superfortress with Heavy Hardcell Cannon Performance ------------- Evolutions (7) 3500 Regions Visited (18) 3600 Robots Destroyed (182) 910 Value Destroyed (10262) 10262 Prototype IDs (225) 4500 Alien Tech Used (5) 1000 Bonus (13361) 13361 TOTAL SCORE: 37133 Bonus ------- Pacifist 1325 High Alert Combat Kills 1136 Follower Combat Kills 100 Met Data Miner 300 Used Data Conduit 3000 Found Hidden Lab 3000 Decrypted A0 Command 3000 Pursued by Intercept 1500 Cogmind --------- Core Integrity 0/1300 Matter 226/300 Energy 95/100 System Corruption 34% Temperature Cool (1) Movement Core (300) Ox5 Location -3/Protoforge Parts ------- > --- POWER (2) -------- (None) > --- PROPULSION (5) --- (None) > --- UTILITY (10) ----- Long-range Sensor Array Advanced Signal Interpreter Advanced Terrain Scan Processor Concept Weapon Articulator Deep Network Scanner Experimental System Purifier > --- WEAPON (4) ------- Enhanced Force Lance > --- INVENTORY (5) ---- Hybrid Graviton Reactor Advanced Matter Compressor (341) Smartbomb Launcher Peak State ------------ > --- POWER ------------ Particle Reactor Micro Antimatter Reactor > --- PROPULSION ------- Biometal Leg Biometal Leg Biometal Leg Biometal Leg Improved Thunder Leg > --- UTILITY ---------- Advanced Heat Sink Large Storage Unit Experimental Targeting Computer Kinecellerator Medium Regenerative Plating Makeshift Hacking Suite Deep Network Scanner LC Capacitor > --- WEAPON ----------- Warp Cannon Railgun Railgun Railgun > --- INVENTORY -------- Biometal Leg Improved Thunder Leg Advanced Cryofiber Web Advanced Matter Compressor Transdimensional Reconstructor Core Reset Matrix Hypervelocity EM Gauss Rifle Smartbomb Launcher Micro-nuke Launcher Guided Remote Datajack Enhanced Force Lance Enhanced Force Lance Enhanced Force Lance Enhanced Force Lance [Rating: 178] Favorites ----------- Power Particle Reactor Engine Improved Deuterium Engine Power Core Neutrino Core Reactor Particle Reactor Propulsion Armored Leg Treads Biometal Heavy Treads Leg Armored Leg Wheel Wheel Hover Unit Antigrav Array Flight Unit Impulse Thruster Array Utility Large Storage Unit Device Advanced Heat Sink Storage Large Storage Unit Processor Signal Interpreter Hackware Makeshift Hacking Suite Protection Improved Core Shielding Artifact LC Capacitor Weapon Railgun Energy Gun Plasma Rifle Energy Cannon Long-range Proton Cannon Ballistic Gun Railgun Ballistic Cannon Heavy Flak Cannon Launcher Micro-nuke Launcher Special Weapon Guided Remote Datajack Slashing Weapon Tearclaws Piercing Weapon Enhanced Force Lance Build | -11 -10 -9 -8 -7 -6 -6 -6 -6 -5 -5 -4 -4 -4 -4 -4 -3 -3 -3 ------- Run | Yrd Mat Mat Mat Fac Fac Low Low Dat Pro Fac Fac Was Fac Arm Lab Res Qua Frg Slots Evolved 14 | . . 2 2 2 2 . . . . 2 2 . . . . 2 . . Power 1 | . . . . . . . . . . . . . . . . 1 . . Propulsion 3 | . . 2 . . . . . . . . 1 . . . . . . . Utility 8 | . . . 1 1 2 . . . . 2 1 . . . . 1 . . Weapon 2 | . . . 1 1 . . . . . . . . . . . . . . Parts Attached 214 | 2 . 3 3 3 8 8 2 3 7 9 9 1 34 59 5 31 23 4 Power 17 | . . . . . . 1 . . 1 1 1 . 3 3 . 5 2 . Engine 5 | . . . . . . 1 . . 1 1 1 . . . . 1 . . Core 2 | . . . . . . . . . . . . . 2 . . . . . Reactor 10 | . . . . . . . . . . . . . 1 3 . 4 2 . Propulsion 64 | 2 . . 2 2 4 3 . 1 3 . 3 . 9 17 . 9 8 1 Treads 16 | 2 . . 2 . . . . . 1 . . . 2 7 . 1 1 . Leg 37 | . . . . 1 4 3 . . 2 . 3 . 3 10 . 7 4 . Wheel 6 | . . . . 1 . . . 1 . . . . 4 . . . . . Hover 2 | . . . . . . . . . . . . . . . . . 1 1 Flight 3 | . . . . . . . . . . . . . . . . 1 2 . Utility 80 | . . 2 1 1 4 1 1 1 2 4 4 1 12 22 2 8 11 3 Device 40 | . . 1 . . . 1 . . 1 1 3 1 7 13 . 5 4 3 Storage 6 | . . . . . 1 . . . . 1 1 . 1 2 . . . . Processor 15 | . . 1 1 . 2 . 1 . 1 1 . . 2 3 . 1 2 . Hackware 9 | . . . . 1 . . . . . 1 . . 2 . . 1 4 . Protection 9 | . . . . . 1 . . 1 . . . . . 4 1 1 1 . Artifact 1 | . . . . . . . . . . . . . . . 1 . . . Weapon 53 | . . 1 . . . 3 1 1 1 4 1 . 10 17 3 9 2 . Energy Gun 11 | . . . . . . . . . . 2 . . . 4 1 3 1 . Energy Cannon 3 | . . . . . . . . . . 1 . . . . 1 1 . . Ballistic Gun 26 | . . . . . . 1 . . 1 . 1 . 9 8 . 5 1 . Ballistic Cannon 2 | . . . . . . 1 . . . 1 . . . . . . . . Launcher 3 | . . . . . . . . 1 . . . . 1 1 . . . . Special Weapon 2 | . . 1 . . . . . . . . . . . . 1 . . . Impact Weapon . | . . . . . . . . . . . . . . . . . . . Slashing Weapon 1 | . . . . . . . 1 . . . . . . . . . . . Piercing Weapon 5 | . . . . . . 1 . . . . . . . 4 . . . . Special Melee Weapon . | . . . . . . . . . . . . . . . . . . . Unidentified Prototypes 14 | . . . . . . . . . . . . . . . 7 1 . 6 Parts Lost 118 | . . . . 1 3 2 2 7 9 . 4 1 7 36 . 12 25 9 Power 11 | . . . . . . . . 1 1 . 1 . 1 2 . 1 1 3 Propulsion 39 | . . . . 1 2 1 . 1 3 . 3 1 1 12 . 2 9 3 Utility 39 | . . . . . 1 1 1 3 3 . . . 2 12 . 3 10 3 Weapon 29 | . . . . . . . 1 2 2 . . . 3 10 . 6 5 . Highest Loss Streak 9 | . . . . 1 2 2 2 7 8 . 4 1 4 9 . 4 9 4 To Critical Strikes 2 | . . . . . . . . . . . . . . 1 . . . 1 Average Backups 9 | . 1 1 2 3 6 11 14 14 11 10 11 4 7 11 7 13 9 3 Power . | . . . . . . . . 1 . . . . . . . . . . Propulsion 2 | . . . . . 2 4 5 6 5 4 3 . 1 1 . 1 . . Utility 3 | . 1 1 1 2 3 4 6 5 4 4 3 . 2 3 3 2 3 1 Weapon 2 | . . . . . . 1 1 . . . 1 1 2 4 3 6 3 1 Tool/Special . | . . . . . . . . . . . . . . . . . . . Unused Backups 40 | . 1 . . 1 . . . . 1 2 2 4 8 14 . 2 3 2 Power 9 | . . . . . . . . . . . . 2 1 5 . . . 1 Propulsion 8 | . . . . . . . . . 1 1 1 . 1 4 . . . . Utility 16 | . 1 . . 1 . . . . . 1 1 1 4 4 . 1 1 1 Weapon 3 | . . . . . . . . . . . . 1 1 . . 1 . . Tool/Special 4 | . . . . . . . . . . . . . 1 1 . . 2 . Average Slot Usage (%) 78 | . 28 38 46 54 56 75 92 81 76 90 99 78 92 86 66 80 65 43 Engine 1 | . . . . . . 3 6 5 5 4 4 3 . . . . . 1 Reactor 2 | . . . . . . . . . . . . . . 4 . 5 5 1 Treads 4 | . 28 22 21 16 5 . . . . . . . 1 7 10 4 . . Leg 13 | . . . . 1 7 21 26 25 21 23 25 22 13 10 . 13 12 . Wheel 1 | . . . . 5 3 . . . . . . . 7 1 . . . . Device 10 | . . 6 9 7 5 5 6 5 4 4 11 15 15 17 11 7 8 4 Storage 4 | . . . . . 2 6 6 6 6 10 12 3 2 4 2 4 2 . Processor 14 | . . 6 15 15 25 24 20 20 25 22 16 15 18 11 15 6 2 9 Hackware 5 | . . . . 6 2 . . . . 4 5 5 6 6 5 8 13 12 Protection 2 | . . . . . . 2 6 5 . . . . . 3 . 3 3 . Energy Gun 1 | . . . . . . . . . . 8 10 5 . . . 4 4 . Ballistic Gun 7 | . . . . . . . 2 . 3 . . 2 20 16 . 8 1 . Piercing Weapon 2 | . . . . . . 4 6 5 5 . . . . . 14 2 3 4 Peak Build Rating 178 | 2 2 4 12 23 39 59 68 68 48 77 87 89 105 133 143 178 150 82 Average Rating 90 | 1 2 3 8 22 31 46 63 59 42 69 85 70 91 109 112 164 103 68 On Entrance 54 | . 2 2 4 12 23 33 59 68 31 34 77 86 38 105 105 143 131 82 Avg Prop Armor Cover (%) 20 | 38 41 39 39 43 33 14 . . 10 . . 39 11 14 17 8 16 6 Naked Turns . | . . . . . . . . . . . . . . . . . . . Heaviest Build 116 | . . 1 1 1 27 51 59 59 35 58 68 64 64 85 59 110 116 24 Greatest Support 150 | 3 3 3 3 3 32 64 64 64 64 64 92 92 61 150 75 150 140 27 Greatest Overweight (x) 4 | . . . . . . 1 . . 1 . 1 . 2 3 . 1 3 4 Average Overweight (x) . | . . . . . . . . . . . . . 1 . . . . . Largest Inventory Capacity 15 | 5 5 5 5 5 15 15 15 15 15 15 15 15 15 15 15 15 15 5 Average Capacity 12 | 5 5 5 5 5 10 15 15 15 15 15 15 5 9 13 9 15 11 5 Most Carried 15 | 1 2 2 3 5 12 13 15 15 15 15 15 15 15 15 14 15 15 5 Average Carried 11 | . 1 1 2 4 7 11 14 14 12 12 12 5 9 12 8 14 11 4 Final Capacity 15 | 5 5 5 5 5 15 15 15 15 15 15 15 5 15 5 15 15 5 5 Final Carried 15 | 1 1 2 3 5 12 12 15 14 13 15 15 5 15 5 14 15 5 4 Class Distribution -------------------- 29% | Mutant 17% | Hacker-Gunner 16% | Scavenger-Gunner 8% | Scavenger-Mutant 8% | Hacker-Mutant 7% | Skirmisher 3% | Scavenger-Skirmisher 3% | Gladiator Dominant Class ---------------- Mutant | -10/Materials Mutant | -9/Materials Mutant | -8/Materials Mutant | -7/Factory Mutant | -6/Factory Mutant | -6/Lower Caves Mutant | -6/Lower Caves Gladiator | -6/Data Miner Mutant | -5/Proximity Caves Skirmisher | -5/Factory Skirmisher | -4/Factory Scavenger-Skirmisher | -4/Waste Scavenger-Skirmisher | -4/Factory Scavenger-Gunner | -4/Armory Scavenger-Mutant | -4/Lab Hacker-Gunner | -3/Research Hacker-Mutant | -3/Quarantine Hacker-Mutant | -3/Protoforge Resources | -11 -10 -9 -8 -7 -6 -6 -6 -6 -5 -5 -4 -4 -4 -4 -4 -3 -3 -3 ----------- Run | Yrd Mat Mat Mat Fac Fac Low Low Dat Pro Fac Fac Was Fac Arm Lab Res Qua Frg Matter Collected 9045 | 184 . . . 113 . 223 42 . 123 . 286 . 1712 3655 362 1344 983 18 Remotely 1622 | . . . . . . . . . . . . . 993 629 . . . . Salvage Created 10462 | . . . . . . 285 206 . 477 . 198 . 2335 3761 . 1643 1543 14 Parts 443 | . . . . . . 13 7 . 29 . 13 . 99 154 . 57 70 1 Haulers Intercepted 3 | . . . . . . . . . . . . . 1 . . 1 1 . Recyclers Shooed 4 | . . . . . . . . . . . . . 1 . . 2 1 . Parts Field Recycled . | . . . . . . . . . . . . . . . . . . . Retrieved Matter . | . . . . . . . . . . . . . . . . . . . Parts Self-Destructed 40 | . . . . . . 11 7 . 22 . . . . . . . . . Prevented 2 | . . . . . . . . . 2 . . . . . . . . . Parts Restored . | . . . . . . . . . . . . . . . . . . . Kills | -11 -10 -9 -8 -7 -6 -6 -6 -6 -5 -5 -4 -4 -4 -4 -4 -3 -3 -3 ------- Run | Yrd Mat Mat Mat Fac Fac Low Low Dat Pro Fac Fac Was Fac Arm Lab Res Qua Frg Combat Hostiles Destroyed 147 | . . . . . . 4 2 . 11 . 5 . 27 54 . 22 22 . Melee 18 | . . . . . . 4 2 . 11 . . . . . . . 1 . Guns 104 | . . . . . . . . . . . 3 . 27 50 . 14 10 . Cannons 5 | . . . . . . . . . . . 2 . . . . 2 1 . AOE 18 | . . . . . . . . . . . . . . 4 . 6 8 . Classes Destroyed 20 | . . . . . . 3 2 . 3 . . . 5 6 . . 1 . Worker 7 | . . . . . . . . . . . . . 3 . . 2 1 1 Builder 5 | . . . . . . . . . . . . . 3 . . . 2 . Tunneler 4 | . . . . . . . . . . . . . 2 . . 2 . . Hauler 3 | . . . . . . . . . . . . . 1 . . 1 1 . Recycler 6 | . . . . . . . . . . . . . 4 . . 2 . . Mechanic 1 | . . . . . . . . . . . . . . 1 . . . . Operator 2 | . . . . . . . . . . . . . . 1 . . 1 . Watcher 5 | . . . . . . . . . . . . . 1 3 . 1 . . Swarmer 33 | . . . . . . . . . 9 . 3 . 9 4 . 5 3 . Grunt 50 | . . . . . . 2 2 . . . . . 13 17 . 5 11 . Brawler 1 | . . . . . . 1 . . . . . . . . . . . . Protector 3 | . . . . . . . . . . . . . . 3 . . . . Researcher 1 | . . . . . . . . . . . . . . . . . 1 . Sentry 15 | . . . . . . . . . 1 . 1 . 3 7 . 2 1 . Demolisher 1 | . . . . . . . . . . . . . . 1 . . . . Specialist 2 | . . . . . . . . . . . . . . 2 . . . . Hunter 9 | . . . . . . 1 . . 1 . 1 . . 3 . . 3 . Programmer 25 | . . . . . . . . . . . . . 2 13 . 6 4 . Heavy 1 | . . . . . . . . . . . . . . 1 . . . . Tracker 4 | . . . . . . . . . . . . . . 2 . 2 . . Combat Programmer 4 | . . . . . . . . . . . . . . 2 . 2 . . Decomposer 1 | . . . . . . . 1 . . . . . . . . . . . Packrat 1 | . . . . . . . 1 . . . . . . . . . . . Samaritan 1 | . . . . . . . . . 1 . . . . . . . . . Best Kill Streak 22 | . . . . . . 1 2 . 5 . 4 . 22 8 . 6 13 1 Combat Bots Only 9 | . . . . . . 1 2 . 5 . 4 . 6 8 . 5 9 . Max Kills in Single Turn 6 | . . . . . . 1 1 . 1 . 2 . 4 4 . 6 2 1 Gunslinging 1 | . . . . . . . . . . . . . 1 1 . . . . Exploded 5 | . . . . . . . . . . . . . . 4 . 5 2 . Melee 1 | . . . . . . 1 1 . 1 . . . . . . . 1 . Uniques/NPCs Destroyed 1 | . . . . . . . . . . . . . . . 1 . . . A5 (-4/Lab) Combat | -11 -10 -9 -8 -7 -6 -6 -6 -6 -5 -5 -4 -4 -4 -4 -4 -3 -3 -3 -------- Run | Yrd Mat Mat Mat Fac Fac Low Low Dat Pro Fac Fac Was Fac Arm Lab Res Qua Frg Hostile Shots Fired 1775 | . . 31 36 46 102 36 34 44 139 8 66 1 121 531 3 192 334 51 Missed 623 | . . 12 9 21 42 17 16 15 48 5 16 . 47 168 1 54 127 25 Hits 1152 | . . 19 27 25 60 19 18 29 91 3 50 1 74 363 2 138 207 26 Melee 7 | . . . 2 . . 4 . . . . . 1 . . . . . . Projectile 1145 | . . 19 25 25 60 15 18 29 91 3 50 . 74 363 2 138 207 26 AOE 3 | . . . . . . . . . . . . . . 3 . . . . Critical Strikes 66 | . . . 4 1 1 1 2 . . . . 1 3 25 . 10 16 2 Actively Blocked 2 | . . . . . . . . . . . . . . 2 . . . . Part Disruptions 3 | . . . . . . . . . . . . . . 1 . 1 1 . Damage Taken 24154 | . . 142 467 460 830 412 333 1333 1501 57 621 39 1430 7717 50 3529 4525 708 Core 3050 | . . 52 131 42 128 35 52 325 198 . 41 39 130 588 . 192 824 273 Absorbed by Shields 332 | . . . . . . . . . . . 100 . . 232 . . . . Reduced by Siege Mode 348 | . . . . . . . . . . . . . . 348 . . . . Redirected to Shielding 77 | . . . . . . . . . . . . . . 77 . . . . Regen/Repaired (Parts) 487 | . . . . . . . . . . . . . . . . 306 98 83 Core Remaining (%) 78 | 100 100 87 76 94 . . . . 13 100 . . . . 55 . . . Volleys Fired 369 | . . . . . . 1 1 1 . 1 13 . 57 156 3 87 49 . Largest 4 | . . . . . . 1 2 1 . 1 4 . 4 4 1 4 3 . Hottest 268 | . . . . . . 44 68 43 . 47 268 . 140 140 100 198 209 . Shots Fired 1089 | . . . . . . 2 3 1 . 1 31 . 216 522 3 220 90 . Gun 1009 | . . . . . . . 1 . . . 14 . 214 511 . 197 72 . Cannon 48 | . . . . . . 2 2 . . 1 17 . . . 2 13 11 . Launcher 31 | . . . . . . . . 1 . . . . 2 11 . 10 7 . Special 1 | . . . . . . . . . . . . . . . 1 . . . Kinetic 910 | . . . . . . 2 3 . . 1 13 . 214 504 . 148 25 . Thermal 108 | . . . . . . . . . . . 7 . . 7 2 42 50 . Explosive 30 | . . . . . . . . . . . . . 2 11 . 10 7 . Electromagnetic 40 | . . . . . . . . 1 . . 11 . . . . 20 8 . Robot Hit Streak 32 | . . . . . . 6 3 . . . 8 . 24 27 24 32 25 . Robot Miss Streak 7 | . . . . . . 4 1 . . . 2 . 7 5 . 3 3 . Penetration Max 3 | . . . . . . . . . . . . . 2 1 . 1 3 . Secondary Targets 24 | . . . . . . . . . . . . . 7 14 . . 3 . Max Gunslinging Chain 2 | . . . . . . . . . . . . . 1 2 . . 1 . Shots Hit Robots 770 | . . . . . . 11 11 1 22 . 19 . 137 326 1 160 80 2 Core Hits 378 | . . 1 . 1 . 9 7 . 13 . 12 . 77 132 . 64 61 1 Critical Kills 16 | . . . . . . . . . . . . . 5 3 . 1 7 . Critical Parts Destroyed 24 | . . . . . . . . . . . . . . 11 . . 13 . Critical Strikes 54 | . . . . . . 1 . 1 . . 1 . 5 22 . 2 22 . Burn 5 | . . . . . . . . . . . 1 . . 2 . 1 1 . Meltdown 2 | . . . . . . . . . . . . . . . . . 2 . Destroy 44 | . . . . . . . . . . . . . 5 20 . 1 18 . Corrupt 1 | . . . . . . . . . . . . . . . . . 1 . Impale 2 | . . . . . . 1 . 1 . . . . . . . . . . Melee Attacks 156 | . . . . . . 24 11 1 35 . . . . . 9 13 40 23 Impact . | . . . . . . . . . . . . . . . . . . . Slashing 1 | . . . . . . . 1 . . . . . . . . . . . Piercing 155 | . . . . . . 24 10 1 35 . . . . . 9 13 40 23 Sneak Attacks 9 | . . . . . . . 2 1 2 . . . . . . 1 2 1 Combat Hostiles . | . . . . . . . . . . . . . . . . . . . Follow-up Attacks . | . . . . . . . . . . . . . . . . . . . Damage Inflicted 28263 | . . 7 30 11 . 369 422 81 854 . 494 . 4992 10880 . 5847 4130 146 Guns 20220 | . . . . . . . 30 . . . 186 . 4776 9892 . 3740 1596 . Cannons 1619 | . . . . . . 45 44 . . . 308 . . . . 737 485 . Explosions 3632 | . . . . . . . . 13 . . . . 216 970 . 1210 1223 . Melee 2653 | . . . . . . 324 348 68 854 . . . . . . 106 807 146 Ramming 139 | . . 7 30 11 . . . . . . . . . 18 . 54 19 . Kinetic 18453 | . . . . . . 45 74 . . . 242 . 4776 9738 . 3265 313 . Thermal 3261 | . . . . . . . . . . . 93 . . 154 . 1462 1552 . Explosive 3349 | . . . . . . . . . . . . . 216 970 . 940 1223 . Electromagnetic 408 | . . . . . . . . 13 . . 159 . . . . 20 216 . Impact . | . . . . . . . . . . . . . . . . . . . Slashing 54 | . . . . . . . 54 . . . . . . . . . . . Piercing 2599 | . . . . . . 324 294 68 854 . . . . . . 106 807 146 Highest Corruption 34 | . . 2 1 6 3 9 9 9 9 . . 8 4 22 22 18 30 34 Average Corruption 12 | . . 2 1 2 1 4 9 9 9 . . 6 2 10 22 7 24 31 Corruption Purged 9 | . . . . . . . . . . . . 4 4 . . . 1 . Corruption Blocked . | . . . . . . . . . . . . . . . . . . . Effects 231 | . . . . 6 1 19 9 5 16 . . 3 2 56 28 24 45 17 Message Errors 58 | . . . . 1 1 7 2 1 3 . . 1 1 17 6 3 9 6 Matter Fused 40 | . . . . 2 . 4 2 1 2 . . 1 . 12 6 2 5 3 Heat Flow Errors 29 | . . . . 1 . 4 1 2 . . . . 1 7 4 4 5 . Energy Discharges 21 | . . . . . . . 1 . 4 . . . . 4 4 5 1 2 Parts Rejected 8 | . . . . . . . . . 2 . . . . 1 . 1 3 1 Parts Fused 2 | . . . . . . . . . . . . . . 2 . . . . Data Loss (minor) 30 | . . . . 2 . . 2 1 3 . . . . 4 6 2 9 1 Data Loss (major) 9 | . . . . . . 3 . . 1 . . 1 . 3 1 . . . Misfires 8 | . . . . . . 1 1 . . . . . . . . 5 1 . Alerts 6 | . . . . . . . . . 1 . . . . 1 1 1 1 1 Misdirections 9 | . . . . . . . . . . . . . . 1 . . 5 3 Weapon Failures 11 | . . . . . . . . . . . . . . 4 . 1 6 . Overload Shots . | . . . . . . . . . . . . . . . . . . . Overflow Damage 769 | . . . . . . . 104 76 91 . . . 2 39 . 256 201 . Projectiles 56 | . . . . . . . . . . . . . . . . 56 . . Explosions 212 | . . . . . . . . . . . . . 2 39 . 96 75 . Melee 501 | . . . . . . . 104 76 91 . . . . . . 104 126 . Knockbacks 7 | . . . . . . . 3 . . . 3 . . . . 1 . . Impact 1 | . . . . . . . . . . . . . . . . 1 . . Kinetic 6 | . . . . . . . 3 . . . 3 . . . . . . . Secondary . | . . . . . . . . . . . . . . . . . . . Self-Inflicted Damage 501 | . . 3 13 4 . . . . . . . . . 92 . 160 229 . Shots 11 | . . . . . . . . . . . . . . 2 . 3 6 . Rammed 14 | . . 2 6 5 . . . . . . . . . 1 . . . . Targets Rammed 19 | . . 2 6 5 . . . . . . . . . 1 . 3 2 . Kicked 5 | . . . . . . . . . . . . . . . . 3 2 . Crushed . | . . . . . . . . . . . . . . . . . . . Highest Temperature 432 | . . . 23 251 . 195 130 241 . . 166 . 110 241 206 432 117 . Average Temperature 84 | . . . 23 132 . 78 40 107 . . 77 . 31 65 99 103 59 . Received Heat Transfer 2824 | . . . 225 153 . 87 171 . 42 27 23 . 299 920 . 205 645 27 Effects 5 | . . . . . . . . . . . . . . 2 . 3 . . Interference 5 | . . . . . . . . . . . . . . 2 . 3 . . Siege Activations 2 | . . . . . . . . . . . . . . 2 . . . . Total Turns 72 | . . . . . . . . . . . . . . 72 . . . . Longest Duration 49 | . . . . . . . . . . . . . . 49 . . . . Martial Activations . | . . . . . . . . . . . . . . . . . . . Shielding Activations . | . . . . . . . . . . . . . . . . . . . Robots Disrupted 1 | . . . . . . . . . . . 1 . . . . . . . Combat Hostiles 1 | . . . . . . . . . . . 1 . . . . . . . Robots Corrupted . | . . . . . . . . . . . . . . . . . . . Combat Hostiles . | . . . . . . . . . . . . . . . . . . . Parts Fried 3 | . . . . . . . . . . . 1 . . . . . 2 . Impact Corruptions 1 | . . . . . . . . . . . . . . . . 1 . . Robots Melted 2 | . . . . . . . . . . . . . . . . . 2 . Combat Hostiles 2 | . . . . . . . . . . . . . . . . . 2 . Parts Melted 10 | . . . . . . . . . . . . . . 2 . 2 6 . Heat Transferred 4166 | . . . . . . . . . . . 300 . . 407 . 1601 1858 . Parts Sabotaged . | . . . . . . . . . . . . . . . . . . . Parts Stolen . | . . . . . . . . . . . . . . . . . . . Parts Stripped . | . . . . . . . . . . . . . . . . . . . Power Chain Reactions 2 | . . . . . . . . . . . . . . . . 2 . . Alert | -11 -10 -9 -8 -7 -6 -6 -6 -6 -5 -5 -4 -4 -4 -4 -4 -3 -3 -3 ------- Run | Yrd Mat Mat Mat Fac Fac Low Low Dat Pro Fac Fac Was Fac Arm Lab Res Qua Frg Maximum Alert Level 3 | . . . . . . . . . . . . . 3 3 . 1 2 1 Low Security (%) 46 | 100 100 100 100 100 100 . . . . 100 100 100 38 . . 80 42 2 Level 1 20 | . . . . . . . . . . . . . 3 25 . 19 39 98 Level 2 31 | . . . . . . . . . . . . . 48 71 . . 17 . Level 3 2 | . . . . . . . . . . . . . 10 3 . . . . Level 4 . | . . . . . . . . . . . . . . . . . . . Level 5 . | . . . . . . . . . . . . . . . . . . . High Security . | . . . . . . . . . . . . . . . . . . . Max Security . | . . . . . . . . . . . . . . . . . . . Peak Influence 796 | . 15 40 20 65 30 . . . . 57 104 25 726 796 . 356 624 306 Initial 343 | . . 5 16 9 9 . . . . 9 22 25 . 343 . . 135 202 Average 267 | . 6 18 10 29 5 . . . . 6 27 7 369 491 . 111 266 240 Influence Increases 6575 | . 15 60 30 121 83 120 40 . 255 89 149 . 1208 2153 . 863 1130 259 Destroy 0b10 Robot/C 2980 | . . . . . 20 80 40 . 220 . 100 . 540 1080 . 440 460 . Destroy 0b10 Robot/NC 185 | . . . . . . 5 . . 5 . . . 70 35 . 40 25 5 Destroy Leader 624 | . . . . . 10 20 . . 30 . 30 . 94 284 . 114 42 . Allied During Kill 53 | . . . . . . . . . . . . . . 53 . . . . Successful Hack 310 | . . . . 61 8 . . . . 12 5 . 42 39 . 33 29 81 Disable Machine 360 | . . 15 . . . . . . . . . . 60 225 . 15 45 . Anti-Garrison Action 200 | . . . . . . . . . . . . . 200 . . . . . Destroy Structure 918 | . . . . . . . . . . 2 14 . 142 302 . 206 214 38 Partial Spotted 90 | . 15 . . . . . . . . . . . . 15 . . 15 45 Lose Combat Pursuer 855 | . . 45 30 60 45 15 . . . 75 . . 60 120 . 15 300 90 Influence Decreases 6354 | . . 35 50 121 103 116 44 . 239 58 122 74 506 2065 790 623 1009 399 Entered New Map 1552 | . . 10 24 11 11 . 2 . . 7 25 49 . 359 790 . 105 159 Time Decay 2442 | . . 25 26 100 64 104 42 . 179 51 77 25 286 626 . 353 334 150 Lost Part 1000 | . . . . 10 8 12 . . 60 . 20 . 70 360 . 120 250 90 Lost Ally 160 | . . . . . 20 . . . . . . . . 120 . . 20 . Purge Threat 1200 | . . . . . . . . . . . . . 150 600 . 150 300 . Squads Dispatched 45 | . . . 1 4 2 . . . . 1 1 . 5 12 . 4 9 6 Investigation 12 | . . . . 3 1 . . . . . . . 1 4 . . . 3 Extermination 11 | . . . . 1 . . . . . . . . 1 3 . 2 3 1 Reinforcement 19 | . . . 1 . 1 . . . . 1 1 . 3 4 . 1 5 2 Assault . | . . . . . . . . . . . . . . . . . . . Garrison . | . . . . . . . . . . . . . . . . . . . Intercept 3 | . . . . . . . . . . . . . . 1 . 1 1 . Searches Triggered . | . . . . . . . . . . . . . . . . . . . Construction Impeded 3 | . . . . . . . . . . . . . 1 . . 1 1 . Haulers Reinforced 2 | . . . . . . . . . . . . . 2 . . . . . Active Scanning Responses . | . . . . . . . . . . . . . . . . . . . Cargo Convoy Interrupts . | . . . . . . . . . . . . . . . . . . . Stealth | -11 -10 -9 -8 -7 -6 -6 -6 -6 -5 -5 -4 -4 -4 -4 -4 -3 -3 -3 --------- Run | Yrd Mat Mat Mat Fac Fac Low Low Dat Pro Fac Fac Was Fac Arm Lab Res Qua Frg Distress Signals 16 | . . 1 3 1 . . . . . . . . 1 5 . . 2 3 Communications Jammed . | . . . . . . . . . . . . . . . . . . . Distress Signals . | . . . . . . . . . . . . . . . . . . . Times Spotted 313 | . 2 10 15 16 9 5 3 4 14 7 8 6 33 79 1 27 55 19 Peak Tracking Total 14 | . 2 8 14 11 5 3 3 4 4 5 5 6 6 7 1 6 12 12 Tactical Retreats 35 | . . 2 2 2 2 1 . . . 3 . . 4 6 . 1 8 4 Traps | -11 -10 -9 -8 -7 -6 -6 -6 -6 -5 -5 -4 -4 -4 -4 -4 -3 -3 -3 ------- Run | Yrd Mat Mat Mat Fac Fac Low Low Dat Pro Fac Fac Was Fac Arm Lab Res Qua Frg Traps Triggered 7 | . . . . 2 . . . . . 1 1 . 1 1 . . 1 . Indirectly . | . . . . . . . . . . . . . . . . . . . Trap Hack Attempts . | . . . . . . . . . . . . . . . . . . . Triggered . | . . . . . . . . . . . . . . . . . . . Disarmed . | . . . . . . . . . . . . . . . . . . . Reprogrammed . | . . . . . . . . . . . . . . . . . . . Reused . | . . . . . . . . . . . . . . . . . . . Traps Extracted . | . . . . . . . . . . . . . . . . . . . Installed . | . . . . . . . . . . . . . . . . . . . Triggered . | . . . . . . . . . . . . . . . . . . . Most Traps Carried 2 | . . . . . . . . . 2 2 2 2 2 . . . . . Machines | -11 -10 -9 -8 -7 -6 -6 -6 -6 -5 -5 -4 -4 -4 -4 -4 -3 -3 -3 ---------- Run | Yrd Mat Mat Mat Fac Fac Low Low Dat Pro Fac Fac Was Fac Arm Lab Res Qua Frg Machines Disabled 29 | . . 1 . . . . . . . . . . 6 15 2 1 4 . Max in Single Turn 4 | . . 1 . . . . . . . . . . 4 3 1 1 1 . Garrison Access 4 | . . . . . . . . . . . 1 . 1 . . 1 1 . Energy Cycler 1 | . . . . . . . . . . . . . . 1 . . . . Machines Repaired . | . . . . . . . . . . . . . . . . . . . Machines Dismantled 1 | . . 1 . . . . . . . . . . . . . . . . Machines Sabotaged . | . . . . . . . . . . . . . . . . . . . Overloaded Fab Kills . | . . . . . . . . . . . . . . . . . . . Hacking | -11 -10 -9 -8 -7 -6 -6 -6 -6 -5 -5 -4 -4 -4 -4 -4 -3 -3 -3 --------- Run | Yrd Mat Mat Mat Fac Fac Low Low Dat Pro Fac Fac Was Fac Arm Lab Res Qua Frg Machines Accessed 69 | . . . . 6 2 . . 4 1 5 6 . 5 12 3 10 7 8 Terminals 31 | . . . . 2 . . . . 1 1 2 . 3 8 . 6 3 5 Fabricators 10 | . . . . 2 1 . . . . 1 1 . . 4 . 1 . . Repair Stations 3 | . . . . 1 . . . . . . . . . . . . . 2 Recycling Units 6 | . . . . . 1 . . . . 3 2 . . . . . . . Scanalyzers 8 | . . . . 1 . . . . . . . . 1 . . 2 3 1 Garrison Access 4 | . . . . . . . . . . . 1 . 1 . . 1 1 . Total Hacks 232 | . . . . 17 5 . . 30 1 9 15 . 14 44 24 21 19 33 Successful 146 | . . . . 6 3 . . 30 1 3 9 . 8 25 24 11 10 16 Failed 83 | . . . . 11 2 . . . . 6 6 . 5 19 . 9 8 17 Catastrophic 6 | . . . . 1 1 . . . . . 2 . . . . . 1 1 Database Lockouts 3 | . . . . . . . . . . . . . 1 . . 1 1 . Manual 89 | . . . . 13 3 . . . . 5 10 . 7 27 . 5 7 12 Terminals 94 | . . . . 5 . . . . 1 3 5 . 9 30 . 14 10 17 Fabricators 30 | . . . . 8 2 . . . . 2 2 . . 14 . 2 . . Repair Stations 15 | . . . . 2 . . . . . . . . . . . . . 13 Recycling Units 14 | . . . . . 3 . . . . 4 7 . . . . . . . Scanalyzers 18 | . . . . 2 . . . . . . . . 2 . . 4 7 3 Garrison Access 7 | . . . . . . . . . . . 1 . 3 . . 1 2 . Terminal Hacks 79 | . . . . . . . . 30 1 . 1 . 3 11 24 4 3 2 Record 35 | . . . . . . . . 11 1 . . . . . 23 . . . Part Schematic 11 | . . . . . . . . 11 . . . . . . . . . . Robot Schematic 5 | . . . . . . . . 5 . . . . . . . . . . Prototype ID Bank 3 | . . . . . . . . 3 . . . . . . . . . . Open Door 2 | . . . . . . . . . . . . . . 1 . 1 . . Branch Access Points 3 | . . . . . . . . . . . 1 . . . . . 1 1 Emergency Access Points 1 | . . . . . . . . . . . . . . 1 . . . . Alert Level 2 | . . . . . . . . . . . . . 1 1 . . . . Unreport Threat 8 | . . . . . . . . . . . . . 1 4 . 1 2 . Locate Traps 3 | . . . . . . . . . . . . . 1 . . 2 . . Dispatch Records 1 | . . . . . . . . . . . . . . 1 . . . . Registered Components 1 | . . . . . . . . . . . . . . . . . . 1 Zone Layout 3 | . . . . . . . . . . . . . . 3 . . . . Release Object 1 | . . . . . . . . . . . . . . . 1 . . . Fabricator Hacks 5 | . . . . 1 . . . . . . . . . 4 . . . . Load Schematic 2 | . . . . . . . . . . . . . . 2 . . . . Build 3 | . . . . 1 . . . . . . . . . 2 . . . . Repair Station Hacks 5 | . . . . . . . . . . . . . . . . . . 5 Scan Component 2 | . . . . . . . . . . . . . . . . . . 2 Repair 1 | . . . . . . . . . . . . . . . . . . 1 Refit 2 | . . . . . . . . . . . . . . . . . . 2 Recycling Unit Hacks 5 | . . . . . 1 . . . . 1 3 . . . . . . . Retrieve Components 5 | . . . . . 1 . . . . 1 3 . . . . . . . Scanalyzer 13 | . . . . 2 . . . . . . . . 1 . . 3 4 3 Retrieve Study 13 | . . . . 2 . . . . . . . . 1 . . 3 4 3 Garrison Access Hacks 3 | . . . . . . . . . . . 1 . . . . 1 1 . Seal Access 3 | . . . . . . . . . . . 1 . . . . 1 1 . Unauthorized Hacks 36 | . . . . 3 2 . . . . 2 4 . 4 10 . 3 2 6 Terminals 22 | . . . . 1 . . . . . 1 1 . 3 7 . 2 2 5 Track 1 | . . . . . . . . . . . . . . 1 . . . . Botnet 20 | . . . . 1 . . . . . 1 1 . 3 5 . 2 2 5 Operators 1 | . . . . . . . . . . . . . . 1 . . . . Fabricators 7 | . . . . 2 1 . . . . . . . . 3 . 1 . . Liberate 1 | . . . . . . . . . . . . . . 1 . . . . Fabnet 6 | . . . . 2 1 . . . . . . . . 2 . 1 . . Repair Stations 1 | . . . . . . . . . . . . . . . . . . 1 Patch 1 | . . . . . . . . . . . . . . . . . . 1 Recycling Units 5 | . . . . . 1 . . . . 1 3 . . . . . . . Monitor 1 | . . . . . . . . . . . 1 . . . . . . . Recyclers 3 | . . . . . 1 . . . . 1 1 . . . . . . . Mask 1 | . . . . . . . . . . . 1 . . . . . . . Scanalyzers . | . . . . . . . . . . . . . . . . . . . Garrison Access 1 | . . . . . . . . . . . . . 1 . . . . . Jam 1 | . . . . . . . . . . . . . 1 . . . . . Data Cores Recovered . | . . . . . . . . . . . . . . . . . . . Used . | . . . . . . . . . . . . . . . . . . . Hacking Detections 54 | . . . . 6 2 . . . . 4 4 . 5 11 . 8 6 8 Full Trace Events 10 | . . . . 3 1 . . . . . . . . 4 . . . 2 Feedback Events 1 | . . . . 1 . . . . . . . . . . . . . . Corruption 1 | . . . . 1 . . . . . . . . . . . . . . Feedback Blocked . | . . . . . . . . . . . . . . . . . . . Robot Schematics Acquired 5 | . . . . . . . . 5 . . . . . . . . . . Robots Built . | . . . . . . . . . . . . . . . . . . . Authchips . | . . . . . . . . . . . . . . . . . . . Time . | . . . . . . . . . . . . . . . . . . . Total Robot Build Rating . | . . . . . . . . . . . . . . . . . . . Part Schematics Acquired 11 | . . . . . . . . 11 . . . . . . . . . . Parts Built 4 | . . . . 2 . . . . . . . . . 2 . . . . Authchips . | . . . . . . . . . . . . . . . . . . . Time 333 | . . . . 47 . . . . . . . . . 286 . . . . Total Part Build Rating 23 | . . . . 10 . . . . . . . . . 13 . . . . Part Studies Acquired 13 | . . . . 2 . . . . . . . . 1 . . 3 4 3 Parts Repaired 1 | . . . . . . . . . . . . . . . . . . 1 Time 31 | . . . . . . . . . . . . . . . . . . 31 Parts Recycled . | . . . . . . . . . . . . . . . . . . . Recycled Matter . | . . . . . . . . . . . . . . . . . . . Retrieved Matter . | . . . . . . . . . . . . . . . . . . . Retrieved Components 6 | . . . . . 2 . . . . 3 1 . . . . . . . Parts Scanalyzed . | . . . . . . . . . . . . . . . . . . . Part Schematics Acquired . | . . . . . . . . . . . . . . . . . . . Parts Damaged . | . . . . . . . . . . . . . . . . . . . Bothacking | -11 -10 -9 -8 -7 -6 -6 -6 -6 -5 -5 -4 -4 -4 -4 -4 -3 -3 -3 ------------ Run | Yrd Mat Mat Mat Fac Fac Low Low Dat Pro Fac Fac Was Fac Arm Lab Res Qua Frg Used RIF Installer . | . . . . . . . . . . . . . . . . . . . Robots Hacked 4 | . . . . . 2 . . . . . . . . . 1 . 1 . Non-combat . | . . . . . . . . . . . . . . . . . . . Combat 3 | . . . . . 2 . . . . . . . . . . . 1 . Robot Hacks Applied . | . . . . . . . . . . . . . . . . . . . Manual 1 | . . . . . . . . . . . . . . . 1 . . . Relay Couplers Released 3 | . . . . . . . . . . . . . . . . 3 . . Programmers 3 | . . . . . . . . . . . . . . . . 3 . . Fabnet Peak Effective % 6 | . . . . . 6 6 6 6 2 2 . . . . . 3 3 3 Autooverrided 3 | . . . . . 2 . . . . . . . . . . . 1 . Robots Rewired 9 | . . . . . . . . . . . . . . 9 . . . . Allies Hacked 2 | . . . . . . . . . . . . . . 2 . . . . Hacks Repelled . | . . . . . . . . . . . . . . . . . . . Allies | -11 -10 -9 -8 -7 -6 -6 -6 -6 -5 -5 -4 -4 -4 -4 -4 -3 -3 -3 -------- Run | Yrd Mat Mat Mat Fac Fac Low Low Dat Pro Fac Fac Was Fac Arm Lab Res Qua Frg Total Allies 12 | . . . . . 2 . . . . . . . . 9 . . 1 . Largest Group 5 | . . . . . 2 . . . . . . . . 5 . . 1 . Highest-Rated Group 230 | . . . . . 65 . . . . . . . . 230 . . 82 . Highest-Rated Ally 82 | . . . . . 36 . . . . . . . . 64 . . 82 . Total Orders . | . . . . . . . . . . . . . . . . . . . Ally Attacks 35 | . . . . . 8 . . . . . . . . 25 . . 2 . Total Damage 921 | . . . . . 265 . . . . . . . . 595 . . 61 . Kills 3 | . . . . . 1 . . . . . . . . 2 . . . . Allies Corrupted . | . . . . . . . . . . . . . . . . . . . Allies Melted . | . . . . . . . . . . . . . . . . . . . Intel | -11 -10 -9 -8 -7 -6 -6 -6 -6 -5 -5 -4 -4 -4 -4 -4 -3 -3 -3 ------- Run | Yrd Mat Mat Mat Fac Fac Low Low Dat Pro Fac Fac Was Fac Arm Lab Res Qua Frg Active Infowar (turns) 2994 | . . 44 63 245 176 481 . . 307 342 255 66 552 . . . 163 300 Sensors 2442 | . . 44 63 245 176 481 . . 307 342 255 66 . . . . 163 300 Terrain 552 | . . . . . . . . . . . . . 552 . . . . . Machine Analysis 413 | . . . . . . . . . . 336 77 . . . . . . . Robot Analysis Total 154 | . . . . . . . . 154 . . . . . . . . . . Derelict Logs Recovered 1 | . . . . . . 1 . . . . . . . . . . . . Drone Launches . | . . . . . . . . . . . . . . . . . . . Drone Recoveries . | . . . . . . . . . . . . . . . . . . . Exploration | -11 -10 -9 -8 -7 -6 -6 -6 -6 -5 -5 -4 -4 -4 -4 -4 -3 -3 -3 ------------- Run | Yrd Mat Mat Mat Fac Fac Low Low Dat Pro Fac Fac Was Fac Arm Lab Res Qua Frg Turns Passed 9232 | 23 35 71 63 245 341 835 391 146 455 367 287 112 932 2141 601 1139 748 300 Spaces Moved 6682 | 38 67 99 103 438 270 629 298 110 291 281 185 121 520 1226 321 608 649 428 Core 1255 | 38 67 99 103 438 113 . . . . . . 76 7 237 . . 76 1 Treads 941 | . . . . . . . . . . . . . . 387 321 233 . . Legs 3029 | . . . . . 90 629 298 110 291 281 185 45 98 416 . 375 211 . Wheels 668 | . . . . . 67 . . . . . . . 415 186 . . . . Hover . | . . . . . . . . . . . . . . . . . . . Flight 789 | . . . . . . . . . . . . . . . . . 362 427 Fastest Speed 39 | 50 50 50 50 50 50 120 120 120 120 120 120 50 50 50 145 95 39 39 Average Speed 99 | 50 50 50 50 50 83 120 120 120 120 120 120 76 113 114 145 120 63 40 Slowest Speed 250 | 50 50 50 50 50 120 190 120 120 190 120 190 120 120 200 145 225 200 250 Overloaded Moves . | . . . . . . . . . . . . . . . . . . . Propulsion Burnouts . | . . . . . . . . . . . . . . . . . . . Robots Hopped 6 | . . . . . . . . . . . . . . . . . 6 . Potential Cave-ins 1 | . . . . . . . . . . . . . . . . 1 . . Cave-ins Triggered 2 | . . . . . . . . . . . . . . . . 1 . 1 Teleports 1 | . . . . . . . . . . . . . . . . . . 1 Exploration Rate (%) 36 | 4 31 12 16 16 10 65 53 77 48 9 5 77 16 57 99 17 60 22 Regions Visited 18 Branch Regions 8 Pre-discovered Areas 32 | . . . . . . . . 32 . . . . . . . . . . Known Exits Taken 12 | . . 1 1 1 1 1 1 1 1 1 . . 1 . 1 . 1 . Unknown Exits Taken 4 | 1 1 . . . . . . . . . . . . 1 . 1 . . Scrap Searched 2 | . . . . . . 2 . . . . . . . . . . . . Spaces Dug 173 | . . . . . . 11 . . 6 1 . . 2 76 . 41 17 19 Terrain Destroyed 694 | . . . . . . 11 . . 6 1 7 . 94 221 1 217 117 19 Melee 61 | . . . . . . 11 . . 6 . . . . . . 8 17 19 Projectile 102 | . . . . . . . . . . 1 7 . 34 39 1 20 . . AOE 521 | . . . . . . . . . . . . . 59 175 . 187 100 . Terrain Rammed . | . . . . . . . . . . . . . . . . . . . Walls Destroyed . | . . . . . . . . . . . . . . . . . . . Machines Disabled . | . . . . . . . . . . . . . . . . . . . Actions | -11 -10 -9 -8 -7 -6 -6 -6 -6 -5 -5 -4 -4 -4 -4 -4 -3 -3 -3 --------- Run | Yrd Mat Mat Mat Fac Fac Low Low Dat Pro Fac Fac Was Fac Arm Lab Res Qua Frg Total 8276 | 40 68 111 112 464 386 676 317 121 358 307 226 145 733 1631 440 821 814 506 Wait 395 | . . 2 . 11 95 9 2 4 10 5 5 7 57 29 83 19 21 36 Move 6653 | 37 66 98 102 437 269 628 297 109 290 280 185 120 519 1225 320 607 636 428 Hop 6 | . . . . . . . . . . . . . . . . . 6 . Pick Up 140 | 1 1 1 1 5 8 4 4 . 8 8 9 3 29 30 6 14 5 3 Fast Attach 145 | 2 . 2 3 2 5 4 1 . 4 7 . . 22 34 7 22 22 8 Attach 95 | . . 1 . 1 4 4 1 2 9 4 7 2 5 27 3 10 13 2 Detach 35 | . . 1 . . 3 . . 1 1 . . . 1 10 8 3 7 . Swap 63 | . . . . . . 2 . 2 . . 4 1 11 15 . 23 5 . Drop 146 | . 1 . . 3 2 . . 1 1 2 3 12 32 50 3 22 8 6 Fire 369 | . . . . . . 1 1 1 . 1 13 . 57 156 3 87 49 . Melee 152 | . . . . . . 24 11 1 35 . . . . . 7 11 40 23 Ram 13 | . . 2 6 5 . . . . . . . . . . . . . . Kick 5 | . . . . . . . . . . . . . . . . 3 2 . Crush 1 | . . . . . . . . . . . . . . 1 . . . . Escape Stasis . | . . . . . . . . . . . . . . . . . . . Rewire 54 | . . . . . . . . . . . . . . 54 . . . . Trap . | . . . . . . . . . . . . . . . . . . . Miscellaneous 4 | . . 4 . . . . . . . . . . . . . . . . Route ------- -11/Scrapyard -10/Materials -9/Materials -8/Materials -7/Factory -6/Factory -6/Lower Caves -6/Lower Caves (discovered 2 exits: *Fac / *Dat) -6/Data Miner -5/Proximity Caves -5/Factory -4/Factory (discovered 4 exits: *Res / Upp x2 / Arm) -4/Waste -4/Factory -4/Armory (discovered 3 exits: *Res x2 / *Lab) -4/Lab -3/Research -3/Quarantine (discovered 2 exits: [*Sec] / *Frg) -3/Protoforge History --------- Turn | Location | Event 6 | -11/Scrapyard | Discovered new exit (range 16) 24 | -11/Scrapyard | Entered Materials 52 | -10/Materials | Discovered new exit (range 15) 59 | -10/Materials | Entered another Materials area 59 | -9/Materials | Evolved 2 slots: Propulsion x2 123 | -9/Materials | Discovered new exit (range 14) 130 | -9/Materials | Identified exit to Materials 130 | -9/Materials | Entered another Materials area 130 | -8/Materials | Evolved 2 slots: Utility x1, Weapon x1 183 | -8/Materials | Discovered new exit (range 16) 193 | -8/Materials | Identified exit to Factory 193 | -8/Materials | Entered Factory 193 | -7/Factory | Evolved 2 slots: Utility x1, Weapon x1 307 | -7/Factory | Build established: Mutant 372 | -7/Factory | Fabricated Adv. Melee Analysis Suite (x2) 430 | -7/Factory | Discovered new exit (range 15) 437 | -7/Factory | Identified exit to Factory 438 | -7/Factory | Entered another Factory area 438 | -6/Factory | Evolved 2 slots: Utility x2 738 | -6/Factory | Discovered new exit (range 11) 778 | -6/Factory | Identified exit to Lower Caves 779 | -6/Factory | Entered Lower Caves 957 | -6/Lower Caves | Attracted the attention of an 0b10 checkpoint 1290 | -6/Lower Caves | Learned Factory non-interactive machine intel 1604 | -6/Lower Caves | Discovered new exit (range 7) 1612 | -6/Lower Caves | Identified exit to Lower Caves 1614 | -6/Lower Caves | Entered another Lower Caves area 1630 | -6/Lower Caves | Encountered a Warlord checkpoint 1656 | -6/Lower Caves | Discovered new exit (range 12) 1953 | -6/Lower Caves | Discovered new exit (range 15) 1965 | -6/Lower Caves | Identified exit to Data Miner 2005 | -6/Lower Caves | Entered Data Miner 2009 | -6/Data Miner | Discovered new exit (range 6) 2032 | -6/Data Miner | Met Data Miner 2061 | -6/Data Miner | Learned location of Section 7 (-3) 2061 | -6/Data Miner | Acquired the access code to Warlord's prototype stash 2071 | -6/Data Miner | Received God Mode back door access code from Data Miner 2109 | -6/Data Miner | Interfaced with the Data Conduit 2131 | -6/Data Miner | Build established: Gladiator 2139 | -6/Data Miner | Core integrity fell below 50% 2150 | -6/Data Miner | Identified exit to Proximity Caves 2151 | -6/Data Miner | Entered Proximity Caves 2190 | -5/Proximity Caves | Lost 8 parts (1p1n4u2w) 2439 | -5/Proximity Caves | Build established: Mutant 2488 | -5/Proximity Caves | Attracted the attention of an 0b10 checkpoint 2531 | -5/Proximity Caves | Lost 3 parts (1n1u1w) 2576 | -5/Proximity Caves | Core integrity fell below 20% 2595 | -5/Proximity Caves | Spotted B-75 Beast 2603 | -5/Proximity Caves | Discovered new exit (range 4) 2605 | -5/Proximity Caves | Identified exit to Factory 2606 | -5/Proximity Caves | Entered Factory 2606 | -5/Factory | Evolved 2 slots: Utility x2 2607 | -5/Factory | Loaded intel: 286 machine locations 2608 | -5/Factory | Loaded intel: 231 non-interactive machine locations 2630 | -5/Factory | Lost 4 parts (1p1n1u1w) 2717 | -5/Factory | Discovered new exit (range 16) 2742 | -5/Factory | Identified exit to Factory 2973 | -5/Factory | Entered another Factory area 2973 | -4/Factory | Evolved 2 slots: Propulsion x1, Utility x1 2974 | -4/Factory | Loaded intel: 269 machine locations 2995 | -4/Factory | Build established: Skirmisher 3084 | -4/Factory | Identified exit to Upper Caves 3084 | -4/Factory | Identified exit to Armory 3204 | -4/Factory | Lost 4 parts (1p3n) 3227 | -4/Factory | Discovered new exit (range 3) 3230 | -4/Factory | Identified exit to Research 3260 | -4/Factory | Sucked down chute 3260 | -4/Factory | Entered Waste 3275 | -4/Waste | EMP discharged 3297 | -4/Waste | Spotted C-40 Crusher 3299 | -4/Waste | Spotted C-40 Crusher 3331 | -4/Waste | Spotted C-40 Crusher 3333 | -4/Waste | Spotted C-40 Crusher 3339 | -4/Waste | Crushed by Compactor (1 part destroyed, 1 dropped) 3347 | -4/Waste | Spotted C-40 Crusher 3352 | -4/Waste | Spotted C-40 Crusher 3364 | -4/Waste | Discovered new exit (range 16) 3371 | -4/Waste | Identified exit to Factory 3372 | -4/Waste | Entered Factory 3373 | -4/Factory | Loaded intel: 263 machine locations 3447 | -4/Factory | Central database locked down 3852 | -4/Factory | Found Exp. Hacking Suite 4186 | -4/Factory | Discovered exit to Armory (range 13) 4248 | -4/Factory | Lost 4 parts (1p3w) 4304 | -4/Factory | Entered Armory 4305 | -4/Armory | Loaded intel: 91 machine locations 4647 | -4/Armory | Lost 3 allies 4688 | -4/Armory | Lost 5 parts (3n1u1w) 4824 | -4/Armory | Discovered exit to Research (range 5) 4937 | -4/Armory | Lost 5 parts (1p2u2w) 4976 | -4/Armory | Destroyed 7 combat bots 4990 | -4/Armory | Spotted B-86 Titan 5008 | -4/Armory | Build established: Scavenger-Gunner 5268 | -4/Armory | Energy Cycler disabled 5329 | -4/Armory | Fabricated Prc. Matter Filter? 5561 | -4/Armory | P-70 Sage assimilated allied Archangel 7a 5570 | -4/Armory | System corruption reached 10% 5851 | -4/Armory | Intercept squad dispatched 5856 | -4/Armory | Spotted Tracker 5858 | -4/Armory | Spotted Tracker 5870 | -4/Armory | Spotted Combat Programmer 5878 | -4/Armory | Spotted Combat Programmer 5883 | -4/Armory | Destroyed Tracker 5883 | -4/Armory | Destroyed Tracker 5896 | -4/Armory | Destroyed Combat Programmer 5901 | -4/Armory | Combat Programmer assimilated allied Archangel 7c 5910 | -4/Armory | Lost 4 allies 5915 | -4/Armory | Destroyed Combat Programmer 5928 | -4/Armory | Fabricated Micro-nuke Launcher (x1) 5934 | -4/Armory | Lost 7 parts (2u5w) 5942 | -4/Armory | Destroyed 8 combat bots 5981 | -4/Armory | Found Exp. Targeting Computer 6005 | -4/Armory | Spotted Armor Guard 6006 | -4/Armory | Spotted Armor Guard 6025 | -4/Armory | Core integrity fell below 50% 6080 | -4/Armory | Lost 9 parts (1p3n4u1w) 6353 | -4/Armory | Discovered exit to Research (range 4) 6432 | -4/Armory | Discovered new exit (range 10) 6445 | -4/Armory | Entered Lab 6445 | -4/Lab | Discovered exit to Research (range 9) 6461 | -4/Lab | Hidden lab's door opened automatically 6461 | -4/Lab | Sensor layout match revealed 6462 | -4/Lab | Gained access to the hidden lab's interior 6472 | -4/Lab | Decrypted terminal 6561 | -4/Lab | Found Prototype Special Weapon 6561 | -4/Lab | Identified Gui. Remote Datajack 6581 | -4/Lab | Decrypted terminal 6581 | -4/Lab | Acquired modification code for an L2 power cell 6582 | -4/Lab | Build established: Scavenger-Mutant 6597 | -4/Lab | Detected by scanners 6676 | -4/Lab | Hacked A5 with code downloaded from Data Conduit 6677 | -4/Lab | Confronted by A5 6679 | -4/Lab | Destroyed A5 6730 | -4/Lab | Found Alien Artifact 6730 | -4/Lab | Identified Integrated Reactor 6730 | -4/Lab | Installed Integrated Reactor, increased core energy generation (+10) 6744 | -4/Lab | Found Alien Artifact 6744 | -4/Lab | Identified Core Regenerator 6744 | -4/Lab | Used Core Regenerator, restored core integrity (+287) 6767 | -4/Lab | Found Alien Artifact 6777 | -4/Lab | Found Alien Artifact 6814 | -4/Lab | Found Prototype Hackware 6818 | -4/Lab | Found Prototype Protection 6818 | -4/Lab | Identified Med. Regenerative Plating 6823 | -4/Lab | Found Prototype Energy Gun 6823 | -4/Lab | Identified Hyp. EM Gauss Rifle 6828 | -4/Lab | Found Prototype Energy Cannon 6828 | -4/Lab | Identified Warp Cannon 6957 | -4/Lab | Decrypted terminal 6959 | -4/Lab | Decrypted terminal 6960 | -4/Lab | Found Alien Artifact 6960 | -4/Lab | Identified LC Capacitor 7021 | -4/Lab | Decrypted terminal 7046 | -4/Lab | Entered Research 7046 | -3/Research | Evolved 2 slots: Power x1, Utility x1 7047 | -3/Research | Loaded intel: 120 machine locations 7112 | -3/Research | Identified Deep Network Scanner 7534 | -3/Research | Build established: Hacker-Gunner 7613 | -3/Research | Intercept squad dispatched 7637 | -3/Research | Spotted Tracker 7639 | -3/Research | Spotted Tracker 7645 | -3/Research | Destroyed Tracker 7651 | -3/Research | Destroyed Tracker 7677 | -3/Research | Spotted Combat Programmer 7707 | -3/Research | Destroyed Combat Programmer 7712 | -3/Research | Spotted Combat Programmer 7717 | -3/Research | Spotted B-86 Titan 7726 | -3/Research | Destroyed Combat Programmer 7730 | -3/Research | Found Exp. Targeting Computer 7778 | -3/Research | Lost 3 parts (1n2w) 7867 | -3/Research | Central database locked down 8069 | -3/Research | Crushed by falling debris 8069 | -3/Research | System corruption reached 10% 8127 | -3/Research | Lost 4 parts (2u2w) 8178 | -3/Research | Discovered new exit (range 9) 8185 | -3/Research | Entered Quarantine 8186 | -3/Quarantine | Loaded intel: 84 machine locations 8300 | -3/Quarantine | Found Alien Artifact 8442 | -3/Quarantine | Lost 5 parts (2n2u1w) 8478 | -3/Quarantine | Destroyed 9 combat bots 8622 | -3/Quarantine | Lost 8 parts (1p3n1u3w) 8679 | -3/Quarantine | Core integrity fell below 50% 8705 | -3/Quarantine | Lost 9 parts (3n5u1w) 8783 | -3/Quarantine | Found Alien Artifact 8833 | -3/Quarantine | Central database locked down 8851 | -3/Quarantine | Build established: Hacker-Mutant 8872 | -3/Quarantine | System corruption reached 30% 8905 | -3/Quarantine | Spotted Fortress 8918 | -3/Quarantine | Intercept squad dispatched 8932 | -3/Quarantine | Discovered new exit (range 6) 8932 | -3/Quarantine | Discovered new exit (range 6) 8932 | -3/Quarantine | Spotted Tracker 8933 | -3/Quarantine | Identified exit to Protoforge 8933 | -3/Quarantine | Entered Protoforge 8934 | -3/Protoforge | Loaded intel: 389 machine locations 8964 | -3/Protoforge | Superfortress began startup sequence 8971 | -3/Protoforge | Repaired Broken Impulse Thruster Array+ 9040 | -3/Protoforge | Core integrity fell below 20% 9056 | -3/Protoforge | Crushed by falling debris 9086 | -3/Protoforge | Spotted Hotshot 9086 | -3/Protoforge | Spotted Hotshot 9087 | -3/Protoforge | Lost 3 parts (1p2u) 9154 | -3/Protoforge | Spotted B-86 Titan 9154 | -3/Protoforge | Spotted AP7-3 9156 | -3/Protoforge | Spotted AP7-3 9164 | -3/Protoforge | Spotted Hotshot 9164 | -3/Protoforge | Spotted Hotshot 9173 | -3/Protoforge | Identified Terrabomb 9173 | -3/Protoforge | Used Terrabomb 9174 | -3/Protoforge | Identified Transdimensional Reconstructor 9174 | -3/Protoforge | Warped through subspace 9202 | -3/Protoforge | Lost 4 parts (1p2n1u) 9211 | -3/Protoforge | Found Prototype Device 9211 | -3/Protoforge | Identified Cep. Antimissile System 9224 | -3/Protoforge | Found Prototype Device 9224 | -3/Protoforge | Identified Cep. Weapon Articulator 9230 | -3/Protoforge | Found Prototype Device 9230 | -3/Protoforge | Identified Exp. System Purifier 9233 | -3/Protoforge | Destroyed by Superfortress with Heavy Hardcell Cannon Last Messages --------------- 09211_ Faulty integration damages Impulse Thruster Array+ (-58). 09212_ Dropped Faulty Cep. Antimissile System. 09213_ K-01 Serf collects debris. 09216_ Acquired Prototype Reactor. 09216_ Identified Hyb. Graviton Reactor. 09216_ Faulty integration triggers meltdown. 09216_ Deep Network Scanner damaged (-4). 09216_ Adv. Terrain Scan Processor damaged (-10). 09218_ K-01 Serf collects debris. 09218_ Acquired Hyb. Graviton Reactor. 09224_ Acquired Prototype Device. 09224_ Identified Cep. Weapon Articulator. 09230_ Acquired Prototype Device. 09230_ Identified Exp. System Purifier. 09233_ HV Slug penetrates Wall. 09233_ Penetrated by HV Slug. 09233_ Critical hit (Destroy). 09233_ Impulse Thruster Array+ destroyed. Map ----- +----------------------------------------------------+ | ?????????????????????????????????????????????????? | | ?????????????????????????????????????????????????? | | ??"??????????????????????????????????????????????? | | ??"??????????????????????????????????????????????? | | ??"????????????????"?"???????????????????????????? | | ??"????????????????"?"???????????????????????????? | | ??????????????????""G""??????????????????????????? | | ??"??????????????????????????????????????????????? | | "?"??????????????????????????????????????????????? | | """??????????????????????????????????????????????? | | ?????????????????????????????????????????????????? | | ?????????????????????????????????????????????????? | | ?????????????????????????????????????????????????? | | ?????????????????????????????????????????????????? | | ?????????????????????????????????????????????????? | | ?????????????????????????????????????????????????? | | ?????????????????????????????????????????????????? | | ?????????????????????????????????????????????????? | | ?????????????????????????????????????????????????? | | ?????????????????????????????????????????????????? | | ??????????????????????????????""""""""???????""""" | | ????????????????????????????????""""???????????""" | | ??######???######???######???????""?????????????"" | | ??#""""#???#""""#???#""""#????? T"?????????????"" | | ### **##### **##### !!##### c ????????? | | @ % ????????? | | F????????? | | % F????????? | | ?????????? | | ?????????? | | ??????????? | | ###!!!!##### ##### !!!##### ??????????? | | ??#""""#???#""""#???#""""#????"""""""""""""""""""" | | ??######???######???######????"""""""""""""""""""" | | ??????????????????????????????"""""""""""""""""""" | | ??????????????????????????????????????"""""??????? | | ???????????????????????????????????? ????? | | ????????????????????????????????? ?? | | ??????????????????????????????? | | ????????????????????????????? | | ?????????????????????????????""""" | | ???????????????????????????? ? " | | ######?????????????????????? " | | #?????????????????????" """"""""" | | #?????????????????????" + " | | #?????????????????????? " """"" " | | "# ##########??????????????? " " " " | | ## # #??????????? " ?? " " " " | | ?# # " " " #?????????? """""""+""""" " | | ?# # " " " #????????????? " "*" | +----------------------------------------------------+ Best States ------------- Heat Dissipation 127 Energy Generation 51 Energy Capacity 700 Matter Stores 300 Matter Capacity 300 Sight Range 16 Robot Scan Range 18 Terrain Scan Range 16 Terrain Scan Density 410 Base Temperature (-) 200 Armor Coverage 825 Core Shielding 30 Evasion (%) 70 Targeting Accuracy 30 Melee Accuracy 14 Target Analysis 9 Recoil Reduction 10 Matter Filtering 50 Kinecelleration 40 Offensive Hacking 46 Defensive Hacking 24 Item Schematics ----------------- Combat Drone Bay | -6/Data Miner | Free Lgt. Regenerative Plating | -6/Data Miner | Free Prc. Matter Filter | -6/Data Miner | Free Enh. Coil Gun | -6/Data Miner | Free Field Propulsion Array | -6/Data Miner | Free Cld. Gravmag System | -6/Data Miner | Free Imp. Remote Shield | -6/Data Miner | Free Micro-nuke Launcher | -6/Data Miner | Free Antimatter Reactor | -6/Data Miner | Free Adv. Point Defense System | -6/Data Miner | Free Adv. System Restoration Module | -6/Data Miner | Free Robot Schematics ------------------ G-50 Soldier | -6/Data Miner | Free E-15 Imp | -6/Data Miner | Free B-60 Warrior | -6/Data Miner | Free H-66 Slayer | -6/Data Miner | Free H-77 Assassin | -6/Data Miner | Free Fabricated ------------ Adv. Melee Analysis Suite | x2 | -7/Factory | Preloaded Prc. Matter Filter | x1 | -4/Armory Micro-nuke Launcher | x1 | -4/Armory Repaired ---------- Impulse Thruster Array | 54% | -3/Protoforge | Broken Studied --------- Arm. Treads | -7/Factory | Hacked Arm. Huge Wheel | -7/Factory | Hacked Railgun | -4/Factory | Hacked Biometal Heavy Treads | -3/Research | Hacked Enh. Force Lance | -3/Research | Hacked Biometal Leg | -3/Research | Hacked Flexi-carbon Leg | -3/Quarantine | Hacked Micro-nuke Launcher | -3/Quarantine | Hacked Particle Reactor | -3/Quarantine | Hacked Impulse Thruster Array | -3/Quarantine | Hacked Q-thruster | -3/Protoforge | Hacked Smartbomb Launcher | -3/Protoforge | Hacked Lgt. Particle Reactor | -3/Protoforge | Hacked Alien Tech Used ----------------- Integrated Reactor Core Regenerator LC Capacitor Terrabomb Transdimensional Reconstructor Achievements -------------- None Challenges ------------ None Game ------ Seed ZeronetDirectedRay Manual? 0 Play Time 01:43:27 Cumulative 356.6 hours Start 2025.11.02 @ 22:22:43 End 2025.11.03 @ 00:08:20 Sessions 1 Manual Loads 0 Difficulty Rogue Special Mode None Game No. 310 Rogue 310 Adventurer 0 Explorer 0 Win Type - Total 2 Types 1/1/0/0/0/0/0/0/0/0 Lore% 82 Gallery% 81 Achievement% 58 Wizard Run 0 Options --------- Layout 1 ASCII 0 Keyboard 0 Movement Numpad Keybinds 0 Fullscreen 1 Font 24/Smallcaps Map View 50x35 Zoom Use 0% Tactical HUD 1 Map Filters NONE Filters NONE Steam 1 RUN: 8af016ee-1284-484c-951c-1b3c38239f65